cohdb
Replays
Latest Replays
All Replays
Popular Replays
Top Player Replays
Match Explorer
How It Works
Community
CoH3 Stats
Reddit
Sign in to upload your games and track your stats! →
Sign in with Steam
Match 35614514
Unlisted
Match 35614514
Overview
Messages
Build Orders
End
Panzergrenadier Squad
Panzergrenadier Squad
Selects Italian Infantry
Construct Light Support Kompanie
Construct Light Support Kompanie
MG34 Team
Selects Defensive Operations
Panzergrenadier Squad
Fire Support Elements
Flakvierling Half-track
Selects Guastatori Squad
Selects L6/40 Light Tank Combat Group
Construct Mechanized Kompanie
254 Reconnaissance Tractor
2.5-tonne Medical Truck
Pak 38 Anti-tank Gun Team
MG34 Team
Selects Towed Cannone da 105/28 Field Howitzer
Panzergrenadier Squad
Veteran Squad Leaders
Trinifer
Silonter
Juba
Marty
Rommel
Field marshal Prince
0
0
Comments
sign in to comment!
No comments posted yet!